 Dungeon Crawl Stone Soup version 0.27.1-4-g1640c2035a (webtiles) character file.

Game seed: 15364472223308306732

237 Crownlay the Slasher (level 5, -2/42 HPs)
             Began as a Minotaur Gladiator on Nov 2, 2021.
             Slain by a gnoll (14 damage)
             ... on level 3 of the Dungeon.
             The game lasted 00:02:01 (2245 turns).

Crownlay the Slasher (Minotaur Gladiator)           Turns: 2245, Time: 00:02:01

Health: -2/42      AC:  4    Str: 18    XL:     5   Next: 77%
Magic:  4/4        EV: 12    Int:  5    God:
Gold:   64         SH:  5    Dex: 13    Spells: 4/4 levels left

rFire    . . .     SeeInvis .   a - +0 long sword
rCold    . . .     Faith    .   (no shield)
rNeg     . . .     Spirit   .   b - +0 leather armour
rPois    .         Reflect  +   c - +0 hat
rElec    .         Harm     .   (no cloak)
rCorr    .         Rampage  .   i - +0 pair of gloves
Will     .....                  (no boots)
Stlth    +.........             l - amulet of reflection
HPRegen  0.14/turn              (no ring)
MPRegen  0.09/turn              (no ring)

@: no status effects
A: horns 2, retaliatory headbutt
a: no special abilities


You were on level 3 of the Dungeon.
You visited 1 branch of the dungeon, and saw 3 of its levels.

You collected 64 gold pieces.

Inventory:

Hand Weapons
 a - a +0 long sword (weapon)
Missiles
 d - 3 throwing nets (quivered)
Armour
 b - a +0 leather armour (worn)
 c - a +0 hat (worn)
 i - a +0 pair of gloves (worn)
Jewellery
 l - an amulet of reflection (around neck)
Wands
 k - a wand of flame (21)
Scrolls
 e - a scroll of blinking {unknown}
 m - a scroll of teleportation {unknown}
 n - a scroll of enchant weapon {unknown}
Potions
 f - 2 potions of haste {unknown}
 g - a potion of heal wounds {unknown}
 h - a potion of mutation {unknown}
 j - a potion of berserk rage {unknown}


   Skills:
 - Level 2.4 Fighting
 * Level 7.9 Long Blades
 - Level 2.0 Throwing
 - Level 3.2 Dodging


You had 4 spell levels left.
You didn't know any spells.
Your spell library was empty.

Dungeon Overview and Level Annotations

Branches:
Dungeon (3/15)

Altars:

Shops:
D:2 [

Annotations:
D:3 1 runed translucent door


Innate Abilities, Weirdness & Mutations

You have a pair of horns on your head.
You reflexively headbutt those who attack you in melee.


Message History

a +0 spear; a gnoll corpse
Things that are here:
a +0 spear; a gnoll corpse
Things that are here:
a +0 whip; a gnoll corpse
Things that are here:
a +0 whip; a +0 whip You see here a ball python corpse.
Found a hand axe.
Found a scroll labelled IMYORO DEPTIYR.
Found a long sword and 8 gold pieces.
A gnoll comes into view. It is wielding a +0 spear.
The gnoll shouts!
You hear a shout! 2 gnolls come into view.
A gnoll is wielding a +0 spear of distortion.
The gnoll shouts! x2; You hear a shout! x2
The gnoll moves out of view.
A gnoll comes into view. It is wielding a +0 spear.
A gnoll comes into view. It is wielding a +0 flail.
The gnoll moves out of view.
The gnoll hits you with a +0 spear! You block the gnoll's attack.
You hit the gnoll.
The gnoll is moderately wounded.
The gnoll hits you with a +0 spear. The gnoll barely misses you.
You hit the gnoll but do no damage.
The gnoll is moderately wounded.
You block the gnoll's attack. x2
You slash the gnoll!
The gnoll is almost dead.
A gnoll comes into view. It is wielding a +0 whip.
The gnoll hits you with a +0 spear.
The gnoll hits you from afar with a +0 spear of distortion.
Space bends around you.
You hit the gnoll.
You kill the gnoll!
The gnoll hits you from afar with a +0 spear of distortion.
The gnoll hits you with a +0 spear of distortion.
* * * LOW HITPOINT WARNING * * *
Space warps horribly around you!
You die...

#.$. #... #...
#..## ...
.#######.#
....?....#######
.......g.gg@...#
...#....g####.#
......)...####.##
..........#.....#
########
..).#..##.#.##..###
#...†... .......
#.........#
#.#####. ......#
###..##.#.# #.# #.
gg####
#..##.#.###.# #.
#..##.......# #.


You could see 4 gnolls.

Vanquished Creatures
  Jessica (D:2)
  Natasha (thrice) (D:2)
  8 gnolls
  An adder (D:2)
  A dart slug (D:1)
  A worm (D:2)
  3 endoplasms (D:1)
  3 giant cockroaches
  6 goblins
  4 hobgoblins
  2 jackals (D:2)
  3 kobolds
  7 ball pythons
  5 bats
  A frilled lizard (D:2)
  A rat (D:2)
50 creatures vanquished.

Notes
Turn   | Place    | Note
-------+----------+-------------------------------------------
     0 | D:1      | Crownlay the Minotaur Gladiator began the quest for the
                  | Orb.
     0 | D:1      | Reached XP level 1. HP: 18/18 MP: 0/0
   162 | D:1      | Reached skill level 4 in Long Blades
   168 | D:1      | Reached XP level 2. HP: 25/25 MP: 1/1
   792 | D:2      | Reached skill level 5 in Long Blades
   930 | D:2      | Reached XP level 3. HP: 30/30 MP: 2/2
   959 | D:2      | Noticed Jessica
   965 | D:2      | Killed Jessica
   983 | D:2      | Reached XP level 4. HP: 28/37 MP: 3/3
  1066 | D:2      | Reached skill level 6 in Long Blades
  1187 | D:2      | Found Tyalic's Armour Boutique.
  1263 | D:2      | Noticed Natasha
  1270 | D:2      | Killed Natasha
  1672 | D:2      | Noticed Natasha
  1677 | D:2      | Killed Natasha
  1678 | D:2      | Reached skill level 7 in Long Blades
  1678 | D:2      | Reached XP level 5. HP: 35/42 MP: 4/4
  1732 | D:2      | Noticed Natasha
  1738 | D:2      | Killed Natasha
  1992 | D:3      | Found a runed translucent door.
  2245 | D:3      | Slain by a gnoll

Illustrated notes

Levels and vault maps discovered:
D:1:      dpeg_arrival_boxorama, layout_basic, minmay_surrounded
D:2:      layout_loops_corners, serial_shops, shop, uniq_natasha, uniq_jessica
D:3:      layout_loops_cross, mainiacjoe_overflow_24_doors,
          ebering_ghost_reflecting_pool, wander_ebering_terrifying_dragon_lair

Skill      XL: |  1  2  3  4 |
---------------+-------------+-----
Long Blades    | 4 5 7 |  7.9
Fighting       | |  2.4
Throwing       | |  2.0
Dodging        | |  3.2

Action                   |  1- 3 |  4- 6 || total
-------------------------+-------+-------++-------
Melee: Long sword        |    41 |    55 ||    96
       Headbutt          |     3 |    10 ||    13
 Stab: Sleeping          |     1 |     1 ||     2
Armor: Leather armour    |     5 |    17 ||    22
Dodge: Dodged            |    22 |    39 ||    61
Block: Other             |       |     9 ||     9
       Rpst.: Long sword |     4 |     6 ||    10
